Map: Triton LE

Players

Rogue

  • Race: Zerg Zerg
  • Spawn Location: 11:00

Classic - Winner!

  • Race: Protoss Protoss
  • Spawn Location: 5:00

Event: 2019 WCS Global FInals

VOD

Have the link to the VOD?

Description

Time

  • Played on: Nov. 1, 2019, 6:52 p.m.
  • Length: 5:55

All games in this series

Show
View Real Time Build Order
Export as new Build Order

Rogue Zerg 

Build Orders: Hatch First 

Get SALT Encoding   

  12  0:00  Drone  
  13  0:12  Overlord  
  13  0:16  Drone  
  14  0:30  Drone x2  
  16  0:47  Hatchery  
  15  0:50  Drone  
  15  0:54  Drone  
  17  0:57  Drone  
  18  1:08  Extractor  
  17  1:12  Spawning Pool  
  17  1:15  Drone  
  17  1:18  Drone  
  18  1:28  Drone  
  19  1:41  Drone  
  20  1:59  Queen x2, Spine Crawler  
  20  2:00  Spine Crawler  
  22  2:03  Zergling x2  
  22  2:06  Zergling x2  
  24  2:11  Zergling x2  
  24  2:13  Zergling x2  
  26  2:17  Zergling x2  
  26  2:21  Zergling x2  
  28  2:27  Metabolic Boost  
  28  2:32  Overlord  
  28  2:42  Zergling x4  
  27  2:44  Zergling x2  
  27  2:45  Zergling x2  
  26  2:55  Zergling x4  
  28  3:00  Queen  
  28  3:05  Zergling x4  
  28  3:16  Zergling x4  
  28  3:28  Spine Crawler  
  27  3:41  Drone x2, Roach Warren  
  29  3:42  Extractor  
  29  3:45  Zergling x2  
  26  3:49  Drone  
  26  3:52  Overlord  
  27  4:03  Overlord  
  27  4:24  Roach x5  
  36  4:44  Overlord  
  36  4:45  Ravager x2  
  38  4:53  Zergling x4  
  38  4:55  Drone  
  41  5:04  Roach  
  42  5:08  Overlord  
  42  5:12  Roach  
  45  5:21  Roach  
  45  5:24  Ravager  
  45  5:34  Ravager  
  46  5:38  Zergling x2  
  46  5:42  Ravager  
Show
View Real Time Build Order
Export as new Build Order

Classic Protoss - Winner!

Build Orders:  

Get SALT Encoding   

  12  0:00  Probe  
  13  0:12  Probe  
  14  0:17  Pylon  
  14  0:24  Probe (Chrono Boost)  
  15  0:36  Probe (Chrono Boost)  
  15  0:40  Gateway  
  16  0:44  Probe (Chrono Boost)  
  17  0:51  Probe  
  17  0:56  Forge  
  18  1:01  Assimilator  
  18  1:04  Probe  
  18  1:11  Pylon  
  19  1:29  Photon Cannon  
  19  1:30  Cybernetics Core  
  19  1:44  Pylon  
  19  1:45  Pylon  
  19  2:02  Photon Cannon  
  19  2:04  Photon Cannon  
  19  2:09  Photon Cannon  
  19  2:18  Photon Cannon  
  19  2:24  Shield Battery  
  19  2:28  Shield Battery  
  19  2:31  Photon Cannon  
  19  2:33  Shield Battery  
  19  2:39  Pylon  
  19  2:54  Photon Cannon  
  19  2:57  Photon Cannon  
  19  3:03  Photon Cannon  
  19  3:11  Shield Battery  
  19  3:18  Shield Battery  
  19  3:20  Photon Cannon  
  19  3:21  Shield Battery  
  19  3:31  Robotics Facility  
  19  3:38  Photon Cannon  
  19  3:48  Pylon  
  19  3:55  Stalker (Chrono Boost)  
  19  3:56  Photon Cannon x2  
  21  4:16  Immortal (Chrono Boost)  
  27  4:35  Pylon  
  27  4:45  Immortal (Chrono Boost)  
  25  4:49  Shield Battery  
  29  4:58  Photon Cannon  
  29  5:05  Shield Battery  
  29  5:17  Warp Prism (Chrono Boost)  
  31  5:23  Shield Battery  
  31  5:32  Shield Battery  
Tags
 
Add a new tag
Caveats
  • Supply blocks, unpowered buildings, or Contaminate may cause inaccurate times.
  • Supply counts are checked every 10 seconds.